AoeStats
← MrGenius

Black Forest

505845883Analyzed
4v4 RM · 21d ago on Sep 11, 2026· 61m 58s· 8 players
Game mode
Random Map
Map size
Large (8 player)
Population
200
Speed
Normal
Resources
Standard
Victory
Conquest
Starting age
Dark Age
Ending age
Imperial Age
RankedLock teamsTeams togetherTeam positionsShared explorationLock speedFull tech treeHidden civsTurbo modeCheats
Victory
Defeat
🇨🇳 Italians · China
1206
+12
🇹🇼 Goths · Taiwan
1137
+15
🇹🇼 Persians · Taiwan
1009
+20
🇨🇳 Mongols · China
966
+21
🇮🇳 Byzantines · India
1164
-20
🇨🇭 Lithuanians · Switzerland
1150
-19
🇨🇭 Ethiopians · Switzerland
1087
-16
🇦🇺 Sicilians · Australia
1000
-40
nvda
0:53 Loom
12:00 Feudal Age
15:36 Castle Age
13:55 Double-Bit Axe
14:15 Horse Collar
16:49 Bow Saw
27:23 Wheelbarrow
26:55 Gold Mining
31:07 Imperial Age
29:24 Hand Cart
30:06 Ballistics
29:43 Murder Holes
29:48 Fletching
30:28 Bodkin Arrow
31:01 Kamandaran
31:26 Bloodlines
31:16 Husbandry
31:32 Forging
32:29 Chemistry
31:07 Crossbowman
31:53 Thumb Ring
33:17 Two-Man Saw
33:16 Masonry
33:19 Town Watch
33:00 Cavalier
34:02 Heavy Plow
34:06 Light Cavalry
35:05 Savar
37:06 Iron Casting
36:37 Scale Barding Armor
39:45 Blast Furnace
39:34 Hussar
43:08 Chain Barding Armor
42:49 Padded Archer Armor
47:02 Crop Rotation
48:00 Plate Barding Armor
47:41 Leather Archer Armor
49:08 Elite War Elephant
50:09 Conscription
50:00 Citadels
51:33 Ring Archer Armor
51:03 Scale Mail Armor
57:29 Chain Mail Armor
60:33 Spies/Treason
61:53 Hoardings
60:52 Sappers
星空酒酒
6:40 Loom
11:05 Feudal Age
12:55 Double-Bit Axe
12:56 Horse Collar
15:21 Castle Age
16:18 Bow Saw
22:10 Stone Mining
22:11 Gold Mining
23:53 Wheelbarrow
26:38 Hand Cart
29:21 Imperial Age
28:12 Gold Shaft Mining
28:14 Stone Shaft Mining
29:32 Elite Steppe Lancer
30:26 Bloodlines
30:25 Scale Barding Armor
30:31 Forging
30:51 Husbandry
31:58 Chain Barding Armor
32:40 Iron Casting
33:29 Conscription
36:42 Blast Furnace
36:10 Capped Ram
42:08 Ballistics
42:48 Chemistry
42:00 Masonry
42:01 Fortified Wall
41:56 Siege Engineers
42:51 Caravan
43:33 Coinage
43:23 Heavy Plow
46:23 Banking
53:22 Padded Archer Armor
53:15 Fletching
53:26 Scale Mail Armor
53:26 Padded Archer Armor
53:57 Drill
54:31 Hoardings
53:57 Nomads
53:21 Elite Mangudai
55:32 Murder Holes
55:28 Guard Tower
55:52 Siphons
56:01 Clinker Construction
56:03 Careening
56:09 Chain Mail Armor
55:52 Bodkin Arrow
56:14 Leather Archer Armor
56:14 Chain Mail Armor
小汽車
0:47 Loom
12:03 Feudal Age
17:14 Castle Age
17:12 Double-Bit Axe
17:09 Horse Collar
22:28 Bow Saw
22:32 Heavy Plow
32:05 Imperial Age
31:02 Gold Mining
31:11 Town Watch
32:08 Wheelbarrow
31:47 Scale Mail Armor
31:58 Forging
31:55 Pikeman
32:38 Squires
33:30 Chain Mail Armor
33:40 Conscription
32:49 Halberdier
33:34 Anarchy
34:09 Hand Cart
35:10 Two-Man Saw
34:44 Crop Rotation
35:16 Town Patrol
36:03 Iron Casting
35:26 Stone Mining
36:03 Elite Huskarl
36:46 Perfusion
48:08 Blast Furnace
56:08 Stone Shaft Mining
崽仔
0:28 Loom
11:57 Feudal Age
15:53 Castle Age
13:44 Double-Bit Axe
14:48 Horse Collar
18:52 Wheelbarrow
25:12 Imperial Age
23:38 Bow Saw
23:22 Fletching
24:27 Gold Mining
24:37 Bodkin Arrow
26:55 Chemistry
28:07 Ballistics
29:31 Scale Mail Armor
32:28 Chain Mail Armor
33:21 Padded Archer Armor
34:30 Leather Archer Armor
35:45 Conscription
35:59 Heavy Plow
37:01 Bracer
39:03 Ring Archer Armor
39:35 Stone Mining
42:03 Crop Rotation
42:35 Two-Man Saw
44:14 Elite Genoese Crossbowman
58:58 Spies/Treason
[H A R D] est
5:54 Loom
11:13 Feudal Age
12:35 Double-Bit Axe
15:18 Castle Age
16:36 Bow Saw
18:51 Horse Collar
21:11 Wheelbarrow
21:31 Gold Mining
22:10 Heavy Plow
24:01 Hand Cart
26:34 Forging
29:18 Imperial Age
27:12 Bloodlines
27:02 Husbandry
27:10 Scale Barding Armor
29:52 Iron Casting
29:38 Chain Barding Armor
29:43 Town Watch
29:25 Cavalier
31:17 Chemistry
33:29 Two-Man Saw
33:01 Crop Rotation
32:27 Stone Mining
34:08 Paladin
35:51 Fletching
36:37 Plate Barding Armor
[H A R D] wiealtesBROT
3:46 Loom
14:06 Feudal Age
17:50 Castle Age
16:10 Double-Bit Axe
16:13 Horse Collar
18:46 Bow Saw
18:37 Heavy Plow
21:47 Wheelbarrow
22:19 Wheelbarrow
22:12 Stone Mining
22:13 Gold Mining
25:00 Town Watch
27:02 Fortified Wall
30:01 Hand Cart
31:08 Gold Shaft Mining
33:47 Imperial Age
31:48 Scale Mail Armor
31:58 Forging
31:47 Murder Holes
32:03 Masonry
31:58 Squires
31:44 Arson
33:02 Chain Mail Armor
35:33 Chemistry
34:39 Siege Engineers
34:47 Torsion Engines
35:07 Conscription
34:17 Heavy Scorpion
35:31 Guilds
34:47 Halberdier
35:59 Plate Mail Armor
36:05 Iron Casting
43:33 Two-Man Saw
MrGenius
8:46 Loom
12:14 Feudal Age
14:08 Horse Collar
14:17 Double-Bit Axe
15:38 Wheelbarrow
18:48 Castle Age
20:32 Bow Saw
22:14 Heavy Plow
26:51 Stone Mining
27:40 Hand Cart
33:41 Imperial Age
34:07 Scale Mail Armor
34:18 Forging
35:54 Murder Holes
35:46 Arrowslits
35:25 Man-at-Arms
35:52 Gambesons
36:10 Squires
38:30 Iron Casting
38:11 Chain Mail Armor
37:27 Elite Serjeant
38:36 First Crusade
38:23 Hauberk
40:17 Long Swordsman
41:42 Plate Mail Armor
42:13 Blast Furnace
41:12 Two-Handed Swordsman
43:04 Champion
49:59 Pikeman
50:26 Arson
Mradul909
1:11 Loom
13:13 Feudal Age
14:11 Horse Collar
17:09 Castle Age
15:46 Double-Bit Axe
18:05 Heavy Plow
18:17 Bow Saw
19:40 Fletching
25:25 Wheelbarrow
24:47 Elite Skirmisher
27:04 Ballistics
27:24 Bodkin Arrow
28:55 Treadmill Crane
29:32 Thumb Ring
30:32 Fortified Wall
29:57 Pikeman
31:49 Hand Cart
37:56 Imperial Age
36:09 Squires
36:50 Padded Archer Armor
37:00 Forging
36:51 Scale Mail Armor
Connection lost

Rejoining the realm…

Still unreachable

The connection could not be restored.

Session expired

The server has moved on; the page needs a fresh start.